General information
- name: BNet
- type: Ladder team game (AT/RT)
- host: Battle.net
- saver: damendenie
map: PhantomGrove
- players: 4
- length: 25:01
- speed: Fast
- version: 1.24 W3XP
- replay type: Public
» download(163 KB)
Players
team 1 (winner)
damendenie (
orange | 121 APM | 3026 actions | 25:01)
7 Mountain King
3 Storm Bolt
2 Bash
2 Avatar
4 Paladin
2 Holy Light
2 Divine Shield
» actions
| Assign group hotkey | 59 | |
| Basic commands | 14 | |
| Build / train | 103 | |
| ESC pressed | 1 | |
| Enter build submenu | 33 | |
| Enter hero's abilities submenu | 12 | |
| Give item / drop item | 3 | |
| Right click | 1036 | |
| Select / deselect | 958 | |
| Select group hotkey | 685 | |
| Use ability | 122 | |
3026 total
» units
| Peasant | 21 | |
| Footman | 2 | |
| Rifleman | 11 | |
| Mortar Team | 8 | |
| Knight | 3 | |
| Flying Machine | 9 | |
54 total
» upgrades
| Gunpowder | 2 | |
| Masonry | 1 | |
| Armor | 1 | |
| Long Rifles | 1 | |
| Lumber Harvesting | 1 | |
| Fragmentation Shards | 1 | |
| Animal War Training | 1 | |
| Swords | 1 | |
| Flak Cannons | 1 | |
10 total
» buildings
| Altar of Kings | 1 | |
| Barracks | 1 | |
| Farm | 11 | |
| Blacksmith | 1 | |
| Scout Tower | 7 | |
| Town Hall | 2 | |
| Arcane Tower | 2 | |
| Lumber Mill | 1 | |
| Arcane Vault | 1 | |
| Guard Tower | 4 | |
| Keep | 1 | |
| Castle | 1 | |
| Workshop | 2 | |
35 total
» build order
00:08 Altar of Kings
00:20 Barracks
00:34 Farm
00:50 Farm
01:55 Farm
02:36 Blacksmith
03:00 Scout Tower
03:51 Town Hall
04:05 Scout Tower
04:20 Scout Tower
04:20 Scout Tower
04:35 Arcane Tower
04:38 Lumber Mill
04:49 Arcane Vault
05:10 Farm
06:14 Guard Tower
06:35 Scout Tower
07:02 Keep
07:10 Guard Tower
07:12 Farm
07:35 Farm
08:21 Farm
08:48 Arcane Tower
10:45 Castle
11:03 Workshop
11:26 Workshop
16:05 Farm
16:06 Farm
16:27 Farm
16:27 Farm
20:18 Scout Tower
20:19 Scout Tower
20:55 Town Hall
20:56 Guard Tower
20:56 Guard Tower
» items
| Scroll of Town Portal | 4 | |
| Boots of Speed | 3 | |
| Scroll of Regeneration | 6 | |
| Lesser Clarity Potion | 5 | |
18 total
Got.noSpoon (
pink | 139 APM | 3485 actions | 24:59)
6 Archmage
3 Summon Water Elemental
2 Brilliance Aura
1 Mass Teleport
5 Mountain King
3 Storm Bolt
2 Thunder Clap
» actions
| Assign group hotkey | 99 | |
| Basic commands | 8 | |
| Build / train | 100 | |
| Enter build submenu | 43 | |
| Enter hero's abilities submenu | 11 | |
| Give item / drop item | 4 | |
| Remove unit from queue | 2 | |
| Right click | 1795 | |
| Select / deselect | 496 | |
| Select group hotkey | 751 | |
| Use ability | 176 | |
3485 total
» units
| Peasant | 17 | |
| Footman | 9 | |
| Murloc Huntsman | 1 | |
| Kobold | 2 | |
| Spell Breaker | 3 | |
| Priest | 6 | |
| Rifleman | 1 | |
| Dragonhawk Rider | 5 | |
44 total
» upgrades
| Defend | 1 | |
| Lumber Harvesting | 1 | |
| Priest Training | 1 | |
| Plating | 1 | |
| Masonry | 3 | |
| Swords | 1 | |
8 total
» buildings
| Altar of Kings | 1 | |
| Farm | 13 | |
| Barracks | 1 | |
| Keep | 3 | |
| Scout Tower | 11 | |
| Arcane Tower | 1 | |
| Arcane Vault | 2 | |
| Lumber Mill | 2 | |
| Arcane Sanctum | 3 | |
| Guard Tower | 7 | |
| Blacksmith | 2 | |
| Town Hall | 2 | |
| Castle | 4 | |
| Gryphon Aviary | 2 | |
54 total
» build order
00:06 Altar of Kings
00:17 Farm
00:19 Barracks
00:50 Farm
01:47 Farm
02:10 Farm
03:01 Keep
03:10 Scout Tower
03:56 Arcane Tower
03:58 Arcane Vault
04:00 Arcane Vault
04:03 Lumber Mill
04:44 Scout Tower
05:00 Farm
06:00 Arcane Sanctum
06:14 Arcane Sanctum
07:05 Guard Tower
07:25 Blacksmith
07:28 Blacksmith
07:37 Farm
07:51 Farm
08:20 Farm
09:12 Town Hall
09:12 Scout Tower
09:13 Scout Tower
09:13 Scout Tower
09:25 Farm
10:27 Castle
10:27 Castle
10:28 Castle
10:34 Farm
10:42 Scout Tower
10:44 Scout Tower
11:21 Town Hall
11:22 Guard Tower
11:24 Scout Tower
11:39 Scout Tower
12:02 Scout Tower
12:05 Scout Tower
13:32 Guard Tower
13:32 Guard Tower
13:32 Guard Tower
13:54 Guard Tower
14:25 Arcane Sanctum
15:31 Keep
15:59 Farm
17:42 Lumber Mill
18:21 Farm
19:15 Guard Tower
20:13 Gryphon Aviary
20:21 Farm
20:51 Gryphon Aviary
» items
| Scroll of Regeneration | 3 | |
| Lesser Clarity Potion | 4 | |
| Scroll of Healing | 1 | |
| Scroll of Town Portal | 3 | |
| Potion of Lesser Invulnerability | 1 | |
| Boots of Speed | 5 | |
17 total
team 2 (loser)
Cado-kun (
yellow | 67 APM | 1674 actions | 24:52)
7 Goblin Tinker
3 Pocket Factory
3 Engineering Upgrade
1 Robo-Goblin
» actions
| Assign group hotkey | 29 | |
| Basic commands | 56 | |
| Build / train | 56 | |
| ESC pressed | 4 | |
| Enter build submenu | 20 | |
| Enter hero's abilities submenu | 7 | |
| Give item / drop item | 1 | |
| Remove unit from queue | 2 | |
| Right click | 750 | |
| Select / deselect | 267 | |
| Select group hotkey | 397 | |
| Use ability | 85 | |
1674 total
» units
| Acolyte | 4 | |
| Ghoul | 10 | |
| Meatwagon | 4 | |
| Necromancer | 5 | |
| Obsidian Statue | 4 | |
| Frost Wyrm | 4 | |
31 total
» upgrades
| Exhume Corpses | 1 | |
| Necromancer Training | 2 | |
| Skeletal Mastery | 1 | |
| Skeletal Longevity | 1 | |
| Unholy Strength | 1 | |
6 total
» buildings
| Crypt | 1 | |
| Ziggurat | 6 | |
| Necropolis | 1 | |
| Altar of Darkness | 1 | |
| Tomb of Relics | 1 | |
| Halls of the Dead | 1 | |
| Graveyard | 1 | |
| Black Citadel | 1 | |
| Slaughterhouse | 1 | |
| Temple of the Damned | 2 | |
| Sacrificial Pit | 1 | |
| Boneyard | 2 | |
19 total
» build order
00:10 Crypt
00:14 Ziggurat
00:46 Necropolis
01:06 Altar of Darkness
01:54 Tomb of Relics
02:43 Halls of the Dead
03:55 Graveyard
04:12 Ziggurat
05:19 Black Citadel
05:22 Slaughterhouse
06:07 Temple of the Damned
07:05 Temple of the Damned
08:16 Ziggurat
11:07 Ziggurat
11:10 Sacrificial Pit
14:11 Boneyard
14:13 Boneyard
16:40 Ziggurat
16:41 Ziggurat
» items
| Rod of Necromancy | 1 | |
| Potion of Lesser Invulnerability | 1 | |
| Scroll of Healing | 1 | |
| Scroll of Town Portal | 2 | |
| Staff of Teleportation | 1 | |
6 total

»
Kamisama (
blue | 89 APM | 2226 actions | 24:59)
6 Pandaren Brewmaster
3 Breath of Fire
2 Drunken Haze
1 Storm Earth and Fire
» actions
| Assign group hotkey | 39 | |
| Basic commands | 74 | |
| Build / train | 53 | |
| ESC pressed | 1 | |
| Enter build submenu | 32 | |
| Enter hero's abilities submenu | 7 | |
| Give item / drop item | 1 | |
| Right click | 1265 | |
| Select / deselect | 344 | |
| Select group hotkey | 315 | |
| Use ability | 95 | |
2226 total
» units
| Peasant | 12 | |
| Footman | 4 | |
| Rifleman | 5 | |
| Murloc Huntsman | 1 | |
| Dragonhawk Rider | 4 | |
| Gryphon Rider | 5 | |
31 total
» upgrades
| Long Rifles | 1 | |
| Lumber Harvesting | 1 | |
| Masonry | 2 | |
| Animal War Training | 1 | |
| Storm Hammers | 1 | |
6 total
» buildings
| Altar of Kings | 1 | |
| Farm | 10 | |
| Barracks | 2 | |
| Blacksmith | 1 | |
| Lumber Mill | 1 | |
| Keep | 1 | |
| Arcane Vault | 3 | |
| Gryphon Aviary | 2 | |
| Scout Tower | 9 | |
| Guard Tower | 2 | |
| Castle | 1 | |
| Town Hall | 2 | |
35 total
» build order
00:07 Altar of Kings
00:33 Farm
00:35 Barracks
01:13 Farm
01:31 Blacksmith
02:04 Farm
02:33 Farm
04:00 Lumber Mill
04:53 Keep
04:56 Farm
04:57 Farm
05:54 Arcane Vault
06:09 Barracks
07:27 Gryphon Aviary
07:28 Gryphon Aviary
08:42 Farm
10:55 Farm
10:56 Farm
11:27 Scout Tower
11:28 Scout Tower
11:29 Scout Tower
12:14 Guard Tower
12:17 Scout Tower
13:12 Scout Tower
13:13 Scout Tower
13:15 Scout Tower
13:16 Scout Tower
13:17 Scout Tower
14:18 Guard Tower
14:21 Castle
16:51 Arcane Vault
17:12 Farm
18:51 Town Hall
20:25 Arcane Vault
22:39 Town Hall
» items
| Staff of Teleportation | 1 | |
| Boots of Speed | 1 | |
| Scroll of Regeneration | 1 | |
| Potion of Healing | 1 | |
| Scroll of Town Portal | 1 | |
5 total
Chat log
(00:38 / Allies) Got.noSpoon: u gi for exe ?
(00:42 / Allies) damendenie: possible
(01:01 / Allies) damendenie: then ill go rifle mk
(01:09 / Allies) Got.noSpoon: k
(01:13 / Allies) damendenie: mk lvl 3 so good
(01:24 / Allies) Got.noSpoon: y
(01:56 / Allies) damendenie: ty
(02:10 / Allies) damendenie: omfg
(02:10 / Allies) damendenie: tt
(02:16 / Allies) damendenie: mk stuck
(04:33 / Allies) damendenie: jesus
(05:19 / Allies) damendenie: sec need lvl 3
(05:23 / Allies) damendenie: 2
(05:34 / Allies) damendenie: omw
(10:07 / Allies) damendenie: neco
(10:13 / Allies) Got.noSpoon: priests
(12:31 / Allies) damendenie: tp ?
(12:36 / Allies) Got.noSpoon: y
(12:41 / Allies) Got.noSpoon: n
(12:49 / Allies) Got.noSpoon: y
(12:50 / Allies) Got.noSpoon: ^^
(13:06 / Allies) damendenie: top
(13:30 / Allies) Got.noSpoon: sry
(17:58 / Allies) damendenie: b
(17:59 / Allies) damendenie: b
(18:30 / Allies) Got.noSpoon: some gyros plz
(18:33 / Allies) Got.noSpoon: k ^^
(18:34 / Allies) damendenie: already doin
(18:53 / Allies) damendenie: g
(21:22 / Allies) damendenie: tp
(21:31 / Allies) damendenie: i go mass copter
(21:35 / Allies) Got.noSpoon: y
(22:17 / Allies) damendenie: g
(22:18 / Allies) damendenie: g
(23:40 / Allies) damendenie: g
(23:41 / Allies) damendenie: attack